 Dungeon Crawl Stone Soup version 0.31-a0-267-g3fc6992b3b (webtiles) character file.

Game seed: 6360638906084436528

91 qw the Shooter (level 4, -3/36 HPs)
             Began as a Minotaur Hexslinger on July 13, 2023.
             Killed from afar by an orc wizard (7 damage)
             ... with a magic dart
             ... on level 3 of the Dungeon.
             The game lasted 00:00:45 (1463 turns).

qw the Shooter (Minotaur Hexslinger)                Turns: 1463, Time: 00:00:46

Health: -3/36      AC:  2    Str: 13    XL:     4   Next: 34%
Magic:  4/4        EV: 12    Int: 10    God:
Gold:   59         SH:  0    Dex: 14    Spells: 4/5 levels left

rFire   . . .        Y - +1 sling
rCold   . . .        (no shield)
rNeg    . . .        c - +0 robe
rPois   .            (helmet restricted)
rElec   .            (no cloak)
rCorr   .            (no gloves)
SInv    .            (no boots)
Will    .....        (no amulet)
Stlth   +            (no ring)
HPRegen 0.26/turn    (no ring)
MPRegen 0.09/turn

%: no passive effects
@: no status effects
A: horns 2, retaliatory headbutt
a: no special abilities


You were on level 3 of the Dungeon.
You visited 1 branch of the dungeon, and saw 3 of its levels.

You collected 59 gold pieces.


Innate Abilities, Weirdness & Mutations

You have a pair of horns on your head.
You reflexively headbutt those who attack you in melee.


   Skills:
 - Level 2.0 Fighting
 + Level 4.9 Ranged Weapons
 - Level 2.1 Dodging
 - Level 1.0 Spellcasting
 - Level 2.0 Hexes


You had 4 spell levels left.
You knew the following spells:

 Your Spells              Type           Power      Damage    Failure   Level
a - Slow                  Hex            16%        N/A       16%         1

Your spell library contained the following spells:

 Spells                   Type           Power      Damage    Failure   Level
 Inner Flame              Hex/Fire       2%         N/A       56%         3
 Portal Projectile        Hex/Tloc       4%         N/A       56%         3
 Cause Fear               Hex            2%         N/A       83%         4

Inventory:

Hand Weapons
 Y - a +1 sling (weapon)
Armour
 c - a +0 robe (worn)
Scrolls
 a - a scroll of fog {unknown}
 b - a scroll of identify
Potions
 d - a potion of brilliance {unknown}
 f - a potion of curing {unknown}
 g - a potion of cancellation {unknown}
 h - a potion of might
 i - a potion of heal wounds {unknown}

Dungeon Overview and Level Annotations

Branches:
Dungeon (3/15)

Altars:
Okawaru


Message History

1445 ||| STILL FLEEEEING.
1446 ||| STILL FLEEEEING.
1447 ||| STILL FLEEEEING.
1448 ||| STILL FLEEEEING.
1449 ||| STILL FLEEEEING.
1450 ||| STILL FLEEEEING.
1451 ||| STILL FLEEEEING.
You are confused.
You shoot a sling bullet.
A magic dart appears from out of thin air!
The magic dart hits you!
A magic dart appears from out of thin air!
The magic dart hits you.
You feel less confused.
A magic dart appears from out of thin air!
The magic dart hits you!
1458 ||| FLEEEEING.
1459 ||| FLEEEEING.
An orc wizard appears from thin air!
Reactivating autopickup.
You shoot a sling bullet.
The sling bullet closely misses the orc wizard.
The sling bullet closely misses the orc.
You shoot a sling bullet.
The sling bullet closely misses the orc wizard.
The sling bullet hits the orc.
The orc is heavily wounded.
You shoot a sling bullet.
The sling bullet closely misses the orc wizard.
The sling bullet hits the orc.
You kill the orc!
You shoot a sling bullet.
The sling bullet barely misses the orc wizard.
The orc wizard gestures wildly while chanting.
The orc wizard flickers and vanishes!
Deactivating autopickup; reactivate with Ctrl-A.
You hear some strange, mumbled words.
A magic dart appears from out of thin air!
The magic dart hits you!
You die...

.................. ..#.~.
##########.############.#.~.
#.................##.#.~.#
#.######.########.##.#..#.~
#.# #.#.........#.#..#.~.
#.# #.#.#########.#..#.~.##
#.# #.#.# #.#..#.~... #.#
#.#.#########.##.#.~~~~ #.#
#.....@{..)......#..... #.#
###.#########.##.###### #.#
#.# #.##....... #.########.#
#.######### #..........# #..
##########.# ### ###


There were no monsters in sight!

Vanquished Creatures
  3 gnolls (D:2)
  An adder (D:2)
  3 dart slugs
  4 orcs (D:3)
  2 ball pythons (D:2)
  3 bats (D:2)
  An endoplasm (D:1)
  A giant cockroach (D:1)
  7 goblins
  A hobgoblin (D:1)
  4 jackals (D:1)
  2 quokkas
  6 frilled lizards
  4 rats
42 creatures vanquished.

Notes
Turn   | Place    | Note
-------+----------+-------------------------------------------
     0 | D:1      | qw the Minotaur Hexslinger began the quest for the Orb.
     0 | D:1      | Reached XP level 1. HP: 16/16 MP: 1/1
     0 | D:1      | 0 ||| qw: Version: 0.3-a-52-g30416fa
     0 | D:1      | 0 ||| qw: Game counter: 7727
     0 | D:1      | 0 ||| qw: Melee chars always use a shield: true
     0 | D:1      | 0 ||| qw: God list: Okawaru
     0 | D:1      | 0 ||| qw: Allow faded altars: false
     0 | D:1      | 0 ||| qw: Do Orc after clearing Dungeon:15 true
     0 | D:1      | 0 ||| qw: Do second Lair branch before Depths: true
     0 | D:1      | 0 ||| qw: Lair rune preference: random
     0 | D:1      | 0 ||| qw: Goals: Normal
     0 | D:1      | 0 ||| PLANNING D:1-11
    40 | D:1      | 40 ||| FLEEEEING.
    79 | D:1      | Reached skill level 3 in Ranged Weapons
    79 | D:1      | Reached XP level 2. HP: 23/23 MP: 2/2
   504 | D:1      | 504 ||| READING scroll labelled MUVOM OPRIONIMM.
   505 | D:1      | 505 ||| READING scroll labelled RUYXETIYSO.
   509 | D:1      | 509 ||| READING scroll labelled XOUMNO DUBYOSYK.
   510 | D:1      | 510 ||| DROPPING scroll of poison.
   638 | D:2      | Reached XP level 3. HP: 10/29 MP: 3/3
   668 | D:2      | 668 ||| FLEEEEING.
   669 | D:2      | 669 ||| FLEEEEING.
   670 | D:2      | 670 ||| FLEEEEING.
   678 | D:2      | 678 ||| STAIRDANCE
   744 | D:2      | Reached skill level 4 in Ranged Weapons
   909 | D:2      | Reached XP level 4. HP: 36/36 MP: 4/4
  1063 | D:2      | 1063 ||| READING scroll labelled PASIOCW SE ERI.
  1064 | D:2      | 1064 ||| DRINKING 2 bubbling orange potions.
  1095 | D:3      | 1095 ||| STAIRDANCE
  1098 | D:2      | HP: 4/36 [iguana (8)]
  1099 | D:2      | 1099 ||| READING scroll of teleportation.
  1402 | D:3      | Found an iron altar of Okawaru.
  1403 | D:3      | 1403 ||| PLANNING OKAWARU WORSHIP
  1433 | D:3      | 1433 ||| FLEEEEING.
  1443 | D:3      | 1443 ||| FLEEEEING.
  1444 | D:3      | 1444 ||| FLEEEEING.
  1457 | D:3      | HP: 2/36 [something/magic dart (8)]
  1458 | D:3      | 1458 ||| FLEEEEING.
  1459 | D:3      | 1459 ||| FLEEEEING.
  1463 | D:3      | Killed from afar by an orc wizard

Levels and vault maps discovered:
D:1:      roderic_crossed_star, layout_basic, chequers_serial_rivers_micro_c,
          minmay_lizard_pond
D:2:      layout_basic, chequers_serial_rivers_room_a
D:3:      layout_basic, nicolae_overflow_squiral,
          chequers_ecumenical_altar_grove

Skill      XL: |  1  2  3 |
---------------+----------+-----
Ranged Weapons | 3 4 |  4.9
Fighting       | 2 |  2.0
Dodging        | |  2.1
Spellcasting   | |  1.0
Hexes          | |  2.0

Action                     |  1- 3 |  4- 6 || total
---------------------------+-------+-------++-------
   Fire: Sling             |    99 |    59 ||   158
    Use: Scroll            |     3 |     2 ||     5
         Potion            |       |     1 ||     1
 Armour: Robe              |     7 |     2 ||     9
  Dodge: Dodged            |    21 |     8 ||    29

Table legend:
 A = Non-vault XP
 B = Vault XP
 C = Vault XP percentage of total XP
 D = Non-vault monster count
 E = Vault monster count
 F = Vault count percentage of total count
                 A         B        C        D         E       F
            +---------+---------+-------+---------+---------+-------
      Total |     127 |       4 |   3.1 |      38 |       4 |   9.5
            +---------+---------+-------+---------+---------+-------
        D:1 |      26 |       4 |  13.3 |      14 |       4 |  22.2
        D:2 |      83 |       0 |   0.0 |      18 |       0 |   0.0
        D:3 |      18 |       0 |   0.0 |       6 |       0 |   0.0
            +---------+---------+-------+---------+---------+-------
